 Dungeon Crawl Stone Soup version 0.29.1-15-g9cfb28693d (webtiles) character file.

Game seed: 2510101043171294352

401 domi the Geomancer (level 7, 0/75 HPs)
             Began as a Meteoran Earth Elementalist on Apr 3, 2023.
             Slain by a gnoll
             ... wielding a +0 halberd
             ... led by a gnoll bouda
              (5 damage)
             ... on level 5 of the Dungeon.
             The game lasted 00:06:34 (668 turns).

domi the Geomancer (Meteoran Earth Elementalist)     Turns: 668, Time: 00:06:34

Health: 0/75       AC: 23    Str:  9 (10) XL:     7   Next: 33%
Magic:  5/12       EV:  2    Int: 18 (19) God:
Gold:   58         SH:  0    Dex: 13 (14) Spells: 5/11 levels left

rFire   . . .      SeeInvis .   (no weapon)
rCold   . . .      Faith    .   (no shield)
rNeg    . . .      Spirit   .   (body armour currently unavailable)
rPois   +          Reflect  .   (helmet currently unavailable)
rElec   .          Harm     .   (cloak currently unavailable)
rCorr   .          Rampage  .   (gloves currently unavailable)
Will    .....      NoTele   +   (boots currently unavailable)
Stlth   +.........              (no amulet)
HPRegen 0.22/turn               (no ring)
MPRegen 0.13/turn               (no ring)

@: mighty, tree-form, glowing
A: stationary, stasis, torment immunity, boosted hp, sense surroundings 1,
otherworldly, glowing, explore regen
a: no special abilities


You were on level 5 of the Dungeon.
You were a tree.
You visited 1 branch of the dungeon, and saw 5 of its levels.
You also visited: Sewer.

You collected 58 gold pieces.

Inventory:

Hand Weapons
 l - a +1 vampiric dagger {!w}
   (You took it off an orc wizard on level 3 of the Dungeon)
Armour
 a - a +0 robe (melded)
Magical Staves
 c - a staff of air {rElec}
   (You found it on level 2 of the Dungeon)
Potions
 b - a potion of magic
 g - 3 potions of brilliance
 i - 2 potions of resistance
 n - a potion of flight


   Skills:
 - Level 2.4 Dodging
 - Level 1.4 Stealth
 - Level 2.6 Spellcasting
 + Level 4.1 Transmutations
 - Level 8.0 Earth Magic


You had 5 spell levels left.
You knew the following spells:

 Your Spells              Type           Power      Damage    Failure   Level
x - Stone Arrow           Conj/Erth      32%        3d9       10%         3
z - Sandblast             Erth           62%        2d14      1%          1
N - Passwall              Tmut/Erth      20%        N/A       1%          2

Your spell library contained the following spells:

 Spells                   Type           Power      Damage    Failure   Level
 Beastly Appendage        Tmut           34%        N/A       3%          1
 Wereblood                Tmut           17%        N/A       4%          2
 Petrify                  Tmut/Erth      24%        N/A       14%         4
 Spider Form              Tmut/Pois      9%         N/A       22%         3
 Ignite Poison            Fire/Tmut/Pois 7%         N/A       28%         3
 Mephitic Cloud           Conj/Pois/Air  2%         N/A       45%         3
 Freezing Cloud           Conj/Ice/Air   1%         6-21      99%         5


Dungeon Overview and Level Annotations

Branches:
Dungeon (5/15) Zot: 2458    Sewer (visited)
 Temple: D:4-7

Altars:


Innate Abilities, Weirdness & Mutations

You are a tree.
Your roots penetrate the ground, keeping you stationary.
You cannot be teleported.
You are immune to unholy pain and torment.
Your maximum health is greatly increased.
Your equipment is partially melded.
You passively map a small area around you.
You are easily found by Zot.
You glow in the dark.
You regain HP and MP as you explore.


Message History

Aim: a scorpion (moderately wounded, 84% to hit)
The blast of sand hits the scorpion!!
You kill the scorpion!
* * * LOW HITPOINT WARNING * * *
You feel very sick.
Your Transmutations skill increases to level 3!
You have reached level 7!
Okay, then.
As you read the scroll of identify {@r1}, it crumbles to dust.
g - 3 potions of brilliance You feel sick.
As you read the scroll of identify {@r1}, it crumbles to dust.
n - a potion of flight You feel sick.
As you read the scroll of identify {@r1}, it crumbles to dust.
h - a potion of heal wounds You feel sick.
You feel sick.
You see here an adder corpse.
You feel sick.
You feel sick.
You feel your willpower return.
You feel sick.
You feel sick.
You feel sick.
You are no longer poisoned. 5 gnolls come into view.
A gnoll is wielding a +0 spear of flaming.
The gnoll shouts! x3
The gnoll moves out of view.
You feel much better.
The gnoll hits you from afar with a +0 spear!
You aren't carrying any items that you can evoke.
Unknown command.
You aren't carrying any scrolls.
Unknown command.
Okay, then.
Unknown command.
Unknown command.
Unknown command.
You aren't carrying any scrolls.
Unknown command.
Okay, then.
You aren't carrying any items that you can evoke.
Unknown command.
Aim: a gnoll, wielding a +0 spear (86% to hit)
The blast of sand hits the gnoll!
A gnoll bouda comes into view.
It is wielding a +1 vampiric whip and wearing a +1 leather armour of fire resistance.
The gnoll hits you from afar with a +0 spear.
The gnoll barely misses you.
Aim: a gnoll, wielding a +0 spear (severely wounded, 86% to hit)
The blast of sand hits the gnoll!!
You kill the gnoll!
The gnoll bouda shouts!
The gnoll bouda barks out a call to the hunt!
The gnolls pick up the pace!
Aim: a gnoll, wielding a +0 spear (covering ground quickly, 86% to hit)
The blast of sand hits the gnoll!
The gnoll misses you.
The gnoll hits you from afar with a +0 spear.
Aim: a gnoll, wielding a +0 spear (heavily wounded, covering ground quickly, 86% to hit)
The blast of sand hits the gnoll!
You kill the gnoll!
The gnoll throws a throwing net.
The throwing net hits you.
You become entangled in the net!
The gnoll hits you from afar with a +0 halberd!
* * * LOW HITPOINT WARNING * * *
It was a potion of might.
You feel very mighty all of a sudden. The gnoll barely misses you.
It was a potion of lignification.
You turn into a tree.
Your +0 robe melds into your body.
Your roots penetrate the ground.
The net rips apart!
The gnoll barely misses you.
It was a potion of degeneration.
There was something very wrong with that liquid.
You feel weakened.
You feel dopey.
You feel clumsy.
An iguana comes into view.
Okay, then.
Okay, then.
Unknown command.
Aim: a gnoll bouda, wielding a +1 vampiric whip and wearing a +1 leather armour of fire resistance (86% to hit)
The blast of sand hits the gnoll bouda.
The iguana hisses angrily.
Aim: a gnoll bouda, wielding a +1 vampiric whip and wearing a +1 leather armour of fire resistance (lightly wounded, 86% to hit)
The blast of sand hits the gnoll bouda!
The gnoll bouda hits you but does no damage.
Aim: a gnoll bouda, wielding a +1 vampiric whip and wearing a +1 leather armour of fire resistance (almost dead, 86% to hit)
The blast of sand hits the gnoll bouda!
You kill the gnoll bouda!
The gnoll hits you with a +0 club.
* * * LOW HITPOINT WARNING * * *
Your Transmutations skill increases to level 4!
Aim: a gnoll, wielding a +0 club (covering ground quickly, 86% to hit)
The blast of sand misses the gnoll.
The gnoll hits you from afar with a +0 halberd.
* * * LOW HITPOINT WARNING * * *
The gnoll hits you but does no damage.
The gnoll hits you from afar with a +0 halberd.
You die...

, * * , , * +... ,,, *
...., ,,, , .....* , ,
*..... *,, ,###.,
*.....######..:..
.........ggg.... * ...
* *#....♣# , , ....#
#.....# , * *#......
#.....# * ,
#.......##.....# * ,
.# ..............# , ,
#.#,..#.#.##.....##, *
,
.#.#+#.#.#.#†#.......
#.#.#.#.#.#...........
> ,
.#.#.#.#.#†#.#.####.#.


You could see 3 gnolls.

Vanquished Creatures
  A kobold brigand (D:3)
  A bullfrog (D:4)
  A scorpion (D:5)
  A jelly (Sewer)
  A gnoll bouda (D:5)
  An orc wizard (D:3)
  2 gnolls (D:5)
  5 adders
  A river rat (D:3)
  A worm (D:2)
  5 orcs
  4 bats
  12 endoplasms
  4 giant cockroaches
  A goblin (D:2)
  A hobgoblin (D:1)
  2 quokkas
  A ball python (D:4)
  3 frilled lizards
  2 kobolds
  7 rats
57 creatures vanquished.

Notes
Turn   | Place    | Note
-------+----------+-------------------------------------------
     0 | D:1      | domi the Meteoran Earth Elementalist began the quest for
                  | the Orb.
     0 | D:1      | Reached XP level 1. HP: 14/14 MP: 5/5
    70 | D:1      | Reached skill level 4 in Earth Magic
    74 | D:1      | Reached XP level 2. HP: 11/20 MP: 2/6
   208 | D:3      | Reached XP level 3. HP: 26/26 MP: 5/8
   212 | D:3      | Learned a level 3 spell: Stone Arrow
   215 | D:3      | Learned a level 2 spell: Passwall
   234 | D:3      | Found a faded altar of an unknown god.
   256 | D:3      | Found a glowing drain.
   262 | D:3      | Reached skill level 5 in Earth Magic
   264 | D:3      | Reached XP level 4. HP: 23/33 MP: 3/9
   269 | Sewer    | Entered a sewer
   345 | Sewer    | Reached skill level 6 in Earth Magic
   345 | Sewer    | Reached XP level 5. HP: 38/38 MP: 7/10
   402 | Sewer    | Found a viscous altar of Jiyva.
   467 | D:3      | Reached skill level 7 in Earth Magic
   481 | D:3      | Noticed a kobold brigand
   486 | D:3      | Killed a kobold brigand
   487 | D:3      | Reached XP level 6. HP: 37/45 MP: 6/11
   540 | D:4      | Reached skill level 8 in Earth Magic
   540 | D:4      | Reached skill level 2 in Transmutations
   611 | D:5      | Entered Level 5 of the Dungeon
   647 | D:5      | Reached skill level 3 in Transmutations
   647 | D:5      | Reached XP level 7. HP: 14/50 MP: 7/12
   647 | D:5      | HP: 12/50 [poisoned by a scorpion]
   652 | D:5      | HP: 10/50 [poisoned by a scorpion]
   661 | D:5      | HP: 4/50 [gnoll/+0 halberd[a gnoll bouda] (15)]
   667 | D:5      | HP: 6/75 [gnoll/+0 club[a gnoll bouda] (2)]
   668 | D:5      | Reached skill level 4 in Transmutations
   668 | D:5      | Slain by a gnoll

Illustrated notes

Levels and vault maps discovered:
D:1:      scummos_arrival_checkerplants, layout_basic
D:2:      layout_rooms, kennysheep_cross_room
D:3:      layout_basic, mainiacjoe_overflow_chevrons,
          mainiacjoe_overflow_alcove_3, dreamdust_ecumenical_altar_grove,
          portal_sewer_entry_c
D:4:      layout_loops_cross
D:5:      layout_basic, mainiacjoe_overflow_catwalk, old_standard_altar,
          kennysheep_little_box, old_standard_altar, uniq_sigmund

Skill      XL: |  1  2  3  4  5  6  7 |
---------------+----------------------+-----
Earth Magic    | 4 5 6 7 8 |  8.0
Transmutations | 3 4 |  4.1
Dodging        | |  2.4
Stealth        | |  1.4
Spellcasting   | |  2.6

Action                   |  1- 3 |  4- 6 |  7- 9 || total
-------------------------+-------+-------+-------++-------
 Cast: Sandblast         |    24 |    48 |     8 ||    80
  Use: Scroll            |       |     4 |     3 ||     7
       Potion            |       |       |     4 ||     4
Armor: Robe              |     2 |     4 |       ||     6
       Skin              |       |       |     2 ||     2
Dodge: Dodged            |     3 |     7 |     4 ||    14

Table legend: (Time is in decaauts)
 A = Elapsed time spent in this place.
 B = Non-inter-level travel time spent in this place.
 C = Inter-level travel time spent in this place.
 D = Time resting spent in this place.
 E = Time spent auto-exploring this place.
 F = Levels seen in this place.
 G = Mean time per level.
                   A        B        C        D        E       F      G
               +--------+--------+--------+--------+--------+-----+--------+
         Total |    735 |    725 |     10 |      0 |      0 |   6 |  122.5 |
       Dungeon |    539 |    529 |     10 |      0 |      0 |   5 |  107.8 |
         Sewer |    195 |    195 |      0 |      0 |      0 |   1 |  195.0 |
               +--------+--------+--------+--------+--------+-----+--------+

Top non-repeatable levels by time:
   Sewer: 195 daAuts
     D:3: 141 daAuts
     D:2: 127 daAuts
     D:4: 124 daAuts
     D:1: 83 daAuts
     D:5: 62 daAuts

Table legend:
 A = Kills in this place as a percentage of kills in entire the game.
 B = Kills by you in this place as a percentage of kills by you in the entire game.
 C = Kills by friends in this place as a percentage of kills by friends in the entire game.
 D = Other kills in this place as a percentage of other kills in the entire game.
 E = Experience gained in this place as a percentage of experience gained in the entire game.
 F = Experience gained in this place divided by the number of levels of this place that you have seen.
                   A       B       C       D       E      F
               +-------+-------+-------+-------+-------+----------------------
         Total | 100.0 | 100.0 |   N/A |   N/A | 100.0 |  95.5
       Dungeon |  66.7 |  66.7 |   N/A |   N/A |  84.8 |  97.2
         Sewer |  33.3 |  33.3 |   N/A |   N/A |  15.2 |  87.0
               +-------+-------+-------+-------+-------+----------------------
